 Dungeon Crawl Stone Soup version 0.25.0-65-g31bcc41 (webtiles) character file.

4403 Illumine the Destroyer (level 10, -11/74 HPs)
             Began as a Gnoll Conjurer on Aug 10, 2020.
             Was a Believer of Vehumet.
             Mangled by a troll (16 damage)
             ... on level 2 of the Dungeon.
             The game lasted 00:04:38 (2060 turns).

Illumine the Destroyer (Gnoll Conjurer)             Turns: 2060, Time: 00:04:39

Health: -11/74     AC:  3    Str: 10    XL:     10   Next: 35%
Magic:  1/20       EV: 17    Int: 21    God:    Vehumet [**....]
Gold:   153        SH:  0    Dex: 16    Spells: 11/23 levels left

rFire    . . .     SeeInvis .   m - +0 whip
rCold    . . .     Gourm    .   (no shield)
rNeg     . . .     Faith    .   a - +0 robe
rPois    .         Spirit   .   e - +0 hat
rElec    .         Reflect  .   f - +0 cloak
rCorr    .         Harm     .   (no gloves)
MR       .....                  (no boots)
Stlth    +++.......             (no amulet)
HPRegen  0.22/turn              (no ring)
MPRegen  0.17/turn              (no ring)

@: very slightly contaminated
A: distributed training, fangs 1, strong nose
a: Renounce Religion


You were on level 2 of the Dungeon.
You worshipped Vehumet.
Vehumet was pleased with you.
You were not hungry.

You visited 3 branches of the dungeon, and saw 4 of its levels.

You collected 153 gold pieces.

Inventory:

Hand Weapons
 m - a +0 whip (weapon)
Missiles
 b - 43 stones (quivered)
Armour
 a - a +0 robe (worn)
 e - a +0 hat (worn)
 f - a +0 cloak (worn)
 p - a +0 buckler
Jewellery
 s - a +3 ring of evasion {unknown}
 t - an uncursed ring of wizardry {unknown}
 y - an uncursed ring of protection from cold {unknown}
Wands
 x - a wand of random effects (15)
Scrolls
 g - 2 scrolls of teleportation {unknown}
 i - 5 scrolls of remove curse {unknown}
 l - 4 scrolls of identify {unknown}
 o - a scroll of fog {unknown}
 r - a scroll of immolation {unknown}
 u - 2 scrolls of enchant armour {unknown}
Potions
 d - 2 potions of brilliance {unknown}
 h - a potion of cancellation {unknown}
 j - 2 potions of lignification {unknown}
 k - 2 potions of curing {unknown}
 n - 2 potions of haste {unknown}
 q - 2 potions of heal wounds {unknown}
 v - a potion of resistance {unknown}
 w - a potion of might {unknown}
Comestibles
 c - 3 rations


   Skills:
 + Level 5.1 Fighting
 + Level 5.1 Short Blades
 + Level 5.1 Long Blades
 + Level 5.1 Axes
 + Level 5.1 Maces & Flails
 + Level 5.1 Polearms
 + Level 5.1 Staves
 + Level 5.1 Slings
 + Level 5.1 Bows
 + Level 5.1 Crossbows
 + Level 5.1 Throwing
 + Level 5.1 Armour
 + Level 6.9 Dodging
 + Level 6.7 Stealth
 + Level 5.1 Shields
 + Level 5.1 Unarmed Combat
 + Level 7.2 Spellcasting
 + Level 8.3 Conjurations
 + Level 4.2 Hexes
 + Level 4.2 Charms
 + Level 4.2 Summonings
 + Level 4.2 Necromancy
 + Level 4.2 Translocations
 + Level 4.2 Transmutations
 + Level 4.2 Fire Magic
 + Level 4.2 Ice Magic
 + Level 4.2 Air Magic
 + Level 4.2 Earth Magic
 + Level 4.2 Poison Magic
 + Level 5.6 Invocations
 + Level 5.1 Evocations


You had 11 spell levels left.
You knew the following spells:

 Your Spells              Type           Power        Failure   Level  Hunger
a - Magic Dart            Conj           ####         1%          1    None
b - Searing Ray           Conj           #####.       1%          2    None
c - Iskenderun's Mystic   Conj           #####...     2%          4    ###....
d - Flame Tongue          Conj/Fire      ####.        1%          1    None
e - Force Lance           Conj/Tloc      ####....     6%          4    ###....

Your spell library contained the following spells:

 Spells                   Type           Power        Failure   Level  Hunger
 Inner Flame              Hex/Fire       ####....     4%          3    None
 Dazzling Spray           Conj/Hex       ####..       1%          3    None
 Fulminant Prism          Conj/Hex       ####......   6%          4    ###....


Dungeon Overview and Level Annotations

Branches:
Dungeon (2/3)              Temple (1/1) D:1           Snake (0/1) D:2
    Orc (1/1) D:2
  Swamp: D:2-3       Shoals: D:2-3        Slime: D:2-3          Elf: Orc:1
 Vaults: D:2-3

Altars:
Ashenzari
Dithmenos
Fedhas
Hepliaklqana
Kikubaaqudgha
Okawaru
Ru
Sif Muna
Trog
Vehumet
Wu Jian
Zin
The Shining One
Jiyva


Innate Abilities, Weirdness & Mutations

Your experience applies equally to all skills.
You have very sharp teeth.
Your uncanny sense of smell can sniff out nearby items.


Message History

Confirm with . or Enter, or press ? or * to list all spells.
Aiming: Force Lance (safe; 6% risk of failure)
Press: ? - help, Shift-Dir - straight line, f/p - troll
Aim: a troll (severely wounded)
The lance of force misses the troll.
The troll bites you!
* * * LOW HITPOINT WARNING * * *
The troll claws you!
* * * LOW HITPOINT WARNING * * *
The troll claws you.
* * * LOW HITPOINT WARNING * * *
Unknown command.
Casting: Force Lance (safe; 6% risk of failure)
Confirm with . or Enter, or press ? or * to list all spells.
Aiming: Force Lance (safe; 6% risk of failure)
Press: ? - help, Shift-Dir - straight line, f/p - troll
Aim: a troll (severely wounded)
The lance of force hits the troll.
The troll is severely wounded.
The troll bites you!
You die...

#..<......#
#.# #.#.#
########..#
#.# #.#.#
#..#
#.#######.#.#
#..#
#.(>...[.(...
#..#
###.#####.#.#
#..#
#..........
#..#
###.......#
#..#
#†......#
#@.###
#.####..#
#T.).# ♣.≈♣
##.. #.####
≈≈)P≈P #..
#)#<##
.♣♣.♣♣≈♣#..
##'#..#P.♣...
P♣#..
#..........>.
.∆[#
#.....#♣.♣...
### #...###
♣♣.♣♣ #...#


You could see a troll.

Vanquished Creatures
  A troll (D:2)
  A vampire mosquito (D:2)
  A naga (D:2)
  An ogre (D:1)
  A centaur (D:2)
  2 scorpions (D:1)
  A howler monkey (D:1)
  A crimson imp (D:1)
  An orc priest (D:1)
  An orc wizard (D:1)
  A worker ant (D:1)
  A howler monkey zombie (D:1)
  A worker ant zombie (D:1)
  4 orcs
  4 jackals (D:1)
  A quokka (D:1)
23 creatures vanquished.

Notes
Turn   | Place    | Note
-------+----------+-------------------------------------------
     0 | D:1      | Illumine the Gnoll Conjurer began the quest for the Orb.
     0 | D:1      | Reached XP level 1. HP: 13/13 MP: 6/6
   124 | D:1      | Found a staircase to the Ecumenical Temple.
   130 | Temple   | Entered the Ecumenical Temple
   134 | Temple   | Became a worshipper of Vehumet
   145 | D:1      | Reached XP level 2. HP: 19/19 MP: 4/7
   209 | D:1      | Reached skill level 5 in Spellcasting
   209 | D:1      | Reached XP level 3. HP: 17/25 MP: 0/9
   481 | D:1      | Found a deep blue altar of Sif Muna.
   486 | D:1      | Reached skill level 1 in Fighting
   486 | D:1      | Reached skill level 1 in Short Blades
   486 | D:1      | Reached skill level 1 in Long Blades
   486 | D:1      | Reached skill level 1 in Axes
   486 | D:1      | Reached skill level 1 in Maces & Flails
   486 | D:1      | Reached skill level 1 in Polearms
   486 | D:1      | Reached skill level 1 in Staves
   486 | D:1      | Reached skill level 1 in Slings
   486 | D:1      | Reached skill level 1 in Bows
   486 | D:1      | Reached skill level 1 in Crossbows
   486 | D:1      | Reached skill level 1 in Throwing
   486 | D:1      | Reached skill level 1 in Armour
   486 | D:1      | Reached skill level 1 in Shields
   486 | D:1      | Reached skill level 1 in Unarmed Combat
   486 | D:1      | Reached skill level 1 in Hexes
   486 | D:1      | Reached skill level 1 in Charms
   486 | D:1      | Reached skill level 1 in Summonings
   486 | D:1      | Reached skill level 1 in Necromancy
   486 | D:1      | Reached skill level 1 in Translocations
   486 | D:1      | Reached skill level 1 in Transmutations
   486 | D:1      | Reached skill level 1 in Fire Magic
   486 | D:1      | Reached skill level 1 in Ice Magic
   486 | D:1      | Reached skill level 1 in Air Magic
   486 | D:1      | Reached skill level 1 in Earth Magic
   486 | D:1      | Reached skill level 1 in Poison Magic
   486 | D:1      | Reached skill level 1 in Invocations
   486 | D:1      | Reached skill level 1 in Evocations
   486 | D:1      | Reached XP level 4. HP: 32/32 MP: 6/11
   486 | D:1      | Reached XP level 5. HP: 37/37 MP: 6/12
   532 | D:1      | Learned a level 2 spell: Searing Ray
   537 | D:1      | Learned a level 4 spell: Iskenderun's Mystic Blast
   558 | D:1      | Found a glowing silver altar of Zin.
   647 | D:1      | Reached XP level 6. HP: 44/44 MP: 7/13
   693 | D:1      | Found a blossoming altar of Fedhas.
   700 | D:1      | Reached * piety under Vehumet
   700 | D:1      | Offered knowledge of Flame Tongue by Vehumet.
   700 | D:1      | Reached skill level 5 in Dodging
   700 | D:1      | Reached XP level 7. HP: 50/50 MP: 8/15
   750 | D:1      | Reached skill level 5 in Stealth
   753 | D:1      | Learned a level 1 spell: Flame Tongue
   769 | D:1      | Reached XP level 8. HP: 49/57 MP: 7/16
   896 | D:1      | Found a shadowy altar of Dithmenos.
   896 | D:1      | Found a hazy altar of Hepliaklqana.
   901 | D:1      | Found a faded altar of an unknown god.
   903 | D:1      | Found a sacrificial altar of Ru.
   952 | D:1      | Found a faded altar of an unknown god.
  1012 | D:1      | Found a bloodstained altar of Trog.
  1012 | D:1      | Found an iron altar of Okawaru.
  1116 | D:1      | Found an ornate altar of the Wu Jian Council.
  1158 | D:1      | Found a glowing golden altar of the Shining One.
  1168 | D:1      | Reached ** piety under Vehumet
  1168 | D:1      | Offered knowledge of Throw Flame by Vehumet.
  1232 | D:1      | Reached XP level 9. HP: 65/65 MP: 15/18
  1360 | D:1      | Found a shattered altar of Ashenzari.
  1625 | D:2      | Found a staircase to the Orcish Mines.
  1655 | D:2      | Found a staircase to the Snake Pit.
  1671 | D:2      | Learned a level 4 spell: Force Lance
  1696 | Orc      | Entered the Orcish Mines
  1696 | Orc      | Noticed a troll
  1720 | D:2      | Reached skill level 8 in Conjurations
  1735 | D:2      | Reached skill level 5 in Invocations
  1735 | D:2      | Reached XP level 10. HP: 55/73 MP: 2/20
  1871 | D:2      | Offered knowledge of Inner Flame by Vehumet.
  1871 | D:2      | Reached skill level 5 in Fighting
  1871 | D:2      | Reached skill level 5 in Short Blades
  1871 | D:2      | Reached skill level 5 in Long Blades
  1871 | D:2      | Reached skill level 5 in Axes
  1871 | D:2      | Reached skill level 5 in Maces & Flails
  1871 | D:2      | Reached skill level 5 in Polearms
  1871 | D:2      | Reached skill level 5 in Staves
  1871 | D:2      | Reached skill level 5 in Slings
  1871 | D:2      | Reached skill level 5 in Bows
  1871 | D:2      | Reached skill level 5 in Crossbows
  1871 | D:2      | Reached skill level 5 in Throwing
  1871 | D:2      | Reached skill level 5 in Armour
  1871 | D:2      | Reached skill level 5 in Shields
  1871 | D:2      | Reached skill level 5 in Unarmed Combat
  1871 | D:2      | Reached skill level 5 in Evocations
  2060 | D:2      | Mangled by a troll

Skill      XL: |  1  2  3  4  5  6  7  8  9 10 |
---------------+-------------------------------+-----
Spellcasting   | 5 6 7 |  7.2
Fighting       | 1 2 3 4 5 |  5.1
Short Blades   | 1 2 3 4 5 |  5.1
Long Blades    | 1 2 3 4 5 |  5.1
Axes           | 1 2 3 4 5 |  5.1
Maces & Flails | 1 2 3 4 5 |  5.1
Polearms       | 1 2 3 4 5 |  5.1
Staves         | 1 2 3 4 5 |  5.1
Slings         | 1 2 3 4 5 |  5.1
Bows           | 1 2 3 4 5 |  5.1
Crossbows      | 1 2 3 4 5 |  5.1
Throwing       | 1 2 3 4 5 |  5.1
Armour         | 1 2 3 4 5 |  5.1
Shields        | 1 2 3 4 5 |  5.1
Unarmed Combat | 1 2 3 4 5 |  5.1
Hexes          | 1 2 3 4 |  4.2
Charms         | 1 2 3 4 |  4.2
Summonings     | 1 2 3 4 |  4.2
Necromancy     | 1 2 3 4 |  4.2
Translocations | 1 2 3 4 |  4.2
Transmutations | 1 2 3 4 |  4.2
Fire Magic     | 1 2 3 4 |  4.2
Ice Magic      | 1 2 3 4 |  4.2
Air Magic      | 1 2 3 4 |  4.2
Earth Magic    | 1 2 3 4 |  4.2
Poison Magic   | 1 2 3 4 |  4.2
Invocations    | 1 2 3 4 5 |  5.6
Evocations     | 1 2 3 4 5 |  5.1
Dodging        | 5 6 |  6.9
Stealth        | 5 6 |  6.7
Conjurations   | 8 |  8.3

Action                   |  1- 3 |  4- 6 |  7- 9 | 10-12 || total
-------------------------+-------+-------+-------+-------++-------
Melee: Unarmed           |     1 |       |       |       ||     1
       Whip              |       |       |     1 |       ||     1
 Cast: Magic Dart        |    14 |    10 |    18 |     3 ||    45
       Searing Ray       |       |       |    10 |     2 ||    12
       Force Lance       |       |       |     2 |     6 ||     8
  Eat: Chunk             |       |       |     2 |       ||     2
       Ration            |       |       |       |     1 ||     1
Armor: Robe              |     5 |       |     1 |       ||     6
Dodge: Dodged            |    30 |       |    14 |     8 ||    52
